 Dungeon Crawl Stone Soup version 0.32-a0-871-ge202e49faa (webtiles) character file.

Game seed: 6286249262817474622

234050 ezpacito the Cleaver (level 19, -9/177 HPs)
             Began as a Coglin Chaos Knight on Mar 29, 2024.
             Was a Plaything of Xom.
             Killed themself with a badly aimed rupture (40 damage)
             ... on level 5 of the Pits of Slime on Mar 30, 2024.
             The game lasted 01:04:00 (27106 turns).

ezpacito the Cleaver (Coglin Chaos Knight)         Turns: 27106, Time: 01:04:00

Health: -9/177     AC: 21    Str: 21    XL:     19   Next: 58%
Magic:  25/29      EV: 14    Int: 12    God:    Xom [*.....]
Gold:   1364       SH:  0    Dex: 15    Spells: 0/32 levels left

rFire   + . .        S - +8 broad axe (drain) {Thamphthis}
rCold   + + .        N - +8 hand axe of Discretion {heavy, rF+ rN+}
rNeg    + . .        Y - +10 scale mail of Skepticism {Rampage *Corrode +Inv Will++}
rPois   +            (helmet unavailable)
rElec   .            U - +2 cloak {rPois}
rCorr   +            x - +0 pair of gloves of the gadgeteer {Gadgeteer Wandboost ^Fragile}
SInv    .            o - +3 pair of boots of the Fiend {Str+2}
Will    +++++        (amulet unavailable)
Stlth   ++           (ring unavailable)
HPRegen 3.69/turn    (ring unavailable)
MPRegen 0.61/turn    u
                       - N-6600 hydrocompensator {rPois Will+ Regen+ RegenMP+ rCorr}

%: corrode self (3%), rampage
@: corroded, cleaving, on blink cooldown, fragile (+50% incoming damage),
studying Shapeshifting, revving
A: off-hand wielding, slow wielding, warmup strikes, no jewellery, horns 3,
iridescent scales 1, cold resistance 2, strong-willed 1, mutation resistance 1,
sense surroundings 1, regeneration 3, robust 2, shaggy fur 1, MP-powered wands,
noise suppression
}: 1/15 runes: serpentine
a: Renounce Religion, Evoke Invisibility


You were on level 5 of the Pits of Slime.
You worshipped Xom.
You were a special plaything of Xom.
You visited 7 branches of the dungeon, and saw 33 of its levels.
You also visited: Ossuary, Gauntlet and Ice Cave.

You collected 4198 gold pieces.
You spent 2834 gold pieces at shops.

Inventory:

Hand Weapons
 l - the +7 great mace "Firestarter" {flame, immolate, rFlCloud rF++}
   (You found it on level 1 of the Snake Pit)

   rFlCloud:  It grants immunity to clouds of flame.
   rF++:      It greatly protects you from fire.
 m - a +2 trident of chaos
 y - a +3 broad axe of flaming {Aida}
 N - the +8 hand axe of Discretion (offhand) {heavy, rF+ rN+}
   (You found it on level 10 of the Dungeon)

   rF+:       It protects you from fire.
   rN+:       It protects you from negative energy.
 S - a +8 broad axe of draining (weapon) {Thamphthis}
Missiles
 J - 25 poisoned darts
 O - 6 curare-tipped darts
 P - 6 silver javelins (quivered)
Armour
 o - the +3 pair of boots of the Fiend (worn) {Str+2}
   (You found it in a Gauntlet)

   Str+2:     It affects your strength (+2).
 x - the +0 pair of gloves of the gadgeteer (worn) {Gadgeteer Wandboost ^Fragile}
   (You found it on level 4 of the Lair of Beasts)

   Gadgeteer: Your evocable items recharge 30% faster and wands have a 30%
   chance to not spend a charge.
   Wandboost: Your wands are more powerful.
   ^Fragile:  It will be destroyed if unequipped.
 U - a +2 cloak of poison resistance (worn)
 Y - the +10 scale mail of Skepticism (worn) {Rampage *Corrode +Inv Will++}
   (You found it on level 15 of the Dungeon)

   Will++:    It greatly increases your willpower.
   +Inv:      It lets you turn invisible.
   *Corrode:  It may corrode you when you take damage.
   Rampage:   It bestows one free step when moving towards enemies.
Gizmo
 u - a N-6600 hydrocompensator (installed) {rPois Will+ Regen+ RegenMP+ rCorr}
   (You invented it yourself on level 15 of the Dungeon)

   [N-6600 hydrocompensator]

   rPois:     It protects you from poison.
   Will+:     It increases your willpower.
   Regen+:    It increases your rate of health regeneration.
   rCorr:     It protects you from acid and corrosion.
   RegenMP+:  It increases your rate of magic regeneration.
Talismans
 f - the serpent talisman of Tenacity {rF- Str+8 Int-4}
   (You took it off Aizul on level 4 of the Snake Pit)

   [serpent talisman]

   Str+8:     It affects your strength (+8).
   Int-4:     It affects your intelligence (-4).
   rF-:       It makes you vulnerable to fire.
Wands
 n - a wand of polymorph (12)
 p - a wand of warping (27)
 A - a wand of charming (13)
 G - a wand of acid (2)
 H - a wand of flame (16)
 R - a wand of mindburst (11)
Scrolls
 b - 4 scrolls of vulnerability
 i - 15 scrolls of identify
 k - 3 scrolls of torment
 w - 3 scrolls of fog
 E - 2 scrolls of silence
 F - 3 scrolls of poison
 K - 10 scrolls of immolation
 T - a scroll of enchant armour
 X - 3 scrolls of amnesia
Potions
 e - 7 potions of enlightenment
 j - 9 potions of attraction
 r - 4 potions of mutation
 s - 2 potions of lignification
 M - 2 potions of magic
 Z - 7 potions of brilliance
Miscellaneous
 d - a sack of spiders (inert)
 g - a condenser vane (inert)
 h - a phantom mirror (inert)
 z - a lightning rod (inert)
 C - a tin of tremorstones (inert)
 V - a Gell's gravitambourine (inert)


   Skills:
 * Level 12.6 Fighting
 * Level 12.7(13.8) Axes
 - Level 1.0(7.5) Maces & Flails
 + Level 8.0(10.9) Polearms
 * Level 11.6 Armour
 * Level 11.2 Dodging
 + Level 7.9 Stealth
 + Level 7.2 Unarmed Combat
 + Level 7.1 Spellcasting
 + Level 6.0 Conjurations
 + Level 7.9 Summonings
 + Level 7.1 Necromancy
 + Level 5.1 Translocations
 + Level 5.8 Ice Magic
 + Level 6.0 Air Magic
 + Level 8.4 Alchemy
 + Level 10.9 Evocations
 + Level 5.4 Shapeshifting


You couldn't memorise any spells.
You knew the following spells:

 Your Spells              Type           Power      Damage    Failure   Level
a - Sculpt Simulacrum     Ice/Alch       10%        N/A       96%         6
b - Monstrous Menagerie   Summ           11%        N/A       100%        7
c - Fugue of the Fallen   Necr           21%        N/A       5%          3
d - Magic Dart            Conj           72%        1d6       3%          1
e - Cigotuvi's Dreadful   Necr/Alch/Air  42%        N/A       2%          2
f - Martyr's Knell        Necr/Summ      22%        N/A       16%         4
g - Blink                 Tloc           32%        N/A       7%          2
h - Dispel Undead         Necr           21%        3d11      19%         4
x - Vampiric Draining     Necr           21%        2d7       5%          3

Your spell library contained the following spells:

 Spells                   Type           Power      Damage    Failure   Level
 Call Imp                 Summ           46%        N/A       1%          2
 Shock                    Conj/Air       72%        1d7       3%          1
 Summon Ice Beast         Ice/Summ       20%        N/A       6%          3
 Lesser Beckoning         Tloc           32%        N/A       7%          2
 Swiftness                Air            18%        N/A       9%          3
 Teleport Other           Tloc           16%        N/A       13%         3
 Ensorcelled Hibernation  Hex/Ice        22%        N/A       16%         2
 Summon Lightning Spire   Summ/Air       21%        N/A       21%         4
 Airstrike                Air            9%         2d(2-18)  30%         4
 Slow                     Hex            16%        N/A       34%         1
 Vhi's Electric Charge    Tloc/Air       34%        N/A       34%         4
 Maxwell's Portable Pile  Tloc           16%        2d(7-14)  41%         4
 Ignite Poison            Fire/Alch      14%        N/A       52%         4
 Leda's Liquefaction      Alch/Erth      7%         N/A       52%         4
 Sticky Flame             Fire/Alch      14%        2d5       52%         4
 Animate Armour           Summ/Erth      26%        N/A       56%         4
 Summon Forest            Summ/Tloc      9%         N/A       56%         5
 Arcjolt                  Conj/Air       9%         1d19      63%         5
 Confusing Touch          Hex            4%         N/A       71%         3
 Passwall                 Erth           4%         N/A       71%         3
 Sigil of Binding         Hex            4%         N/A       71%         3
 Summon Mana Viper        Hex/Summ       13%        N/A       88%         5
 Summon Cactus Giant      Summ           11%        N/A       91%         6
 Death Channel            Necr           10%        N/A       96%         6
 Lee's Rapid Deconstruct  Erth           2%         3d4*      100%        5
 Permafrost Eruption      Ice/Erth       5%         2x4d3     100%        6
 Plasma Beam              Fire/Air       5%         2x1d16    100%        6
 Malign Gateway           Summ/Tloc      9%         N/A       100%        7
 Ignition                 Fire           2%         3d3       100%        8


Dungeon Overview and Level Annotations

Branches:
Dungeon (15/15)            Temple (1/1) D:6            Lair (5/5) D:8
  Swamp (1/4) Lair:2        Snake (4/4) Lair:2        Slime (5/5) Lair:4
    Orc (2/2) D:9             Elf (0/3) Orc:2        Vaults (0/5) D:14
 Depths (0/4) D:15        Ossuary (visited)           IceCv (visited)
Gauntlet (visited)

Altars:
Ashenzari
Cheibriados
Dithmenos
Elyvilon
Fedhas
Gozag
Hepliaklqana
Kikubaaqudgha
Makhleb
Nemelex Xobeh
Okawaru
Qazlal
Ru
Sif Muna
Trog
Uskayaw
Vehumet
Wu Jian
Xom
Yredelemnul
Zin
The Shining One

Shops:
D:4 (   D:6 *   D:7 [   D:9 [   Orc:2 [:(   Snake:2 [   Snake:3 =*

Portals:
Pandemonium: Orc:2

Annotations:
Slime:5 Royal Jelly


Innate Abilities, Weirdness & Mutations

You can wield a second weapon in your off-hand.
It takes a long time for you to wield or remove held weapons.
Your first few attacks do less damage.
You cannot equip rings or amulets.
You have a pair of large horns on your head.
You are partially covered in iridescent scales. (AC +2)
Your flesh is very cold resistant. (rC++)
You are strong-willed. (Will+)
You are somewhat resistant to further mutation.
You passively map a small area around you.
You regenerate.
You are very robust. (+20% HP)
You are covered in fur. (AC +1)
You expend magic power (3 MP) to strengthen your wands.
You passively dampen the noise of your surroundings.


Message History

You hit the rockslime but do no damage. You drain the rockslime.
You headbutt the rockslime!
The rockslime is moderately wounded.
You slash the azure jelly with your +8 broad axe of draining!
You drain the azure jelly.
You slash the shard shrike with your +8 broad axe of draining!
You slash the rockslime with the +8 hand axe of Discretion!
You hit the shard shrike with the +8 hand axe of Discretion.
You hit the azure jelly but do no damage.
The shard shrike is engulfed in poison gas.
The shard shrike looks as sick as possible!
The shard shrike claws you but does no damage.
The shard shrike looks as sick as possible!
The azure jelly misses you. The azure jelly completely misses you.
The azure jelly hits you.
The azure jelly hits you but does no damage.
The glass eye is engulfed in poison gas.
The glass eye is poisoned.
The rockslime hits you!!
* * * LOW HITPOINT WARNING * * *
You stumble backwards!
The shard shrike is engulfed in poison gas.
The shard shrike looks as sick as possible!
You take 31 damage, and have 31/177 hp.
Okay, then.
Okay, then.
Okay, then.
Okay, then.
Okay, then.
Aiming: Warp Space
Press: ? - help, Shift-Dir - straight line, f/p - rockslime
Aim: a rockslime (poison gas, moderately wounded, lightly drained, chance to blink: 90%)
You feel a surge of power!
Space twists violently!
The rupture engulfs the rockslime!!
The rockslime blinks!
The rockslime is almost dead.
The rupture engulfs you!!
You blink.
An acid blob comes into view.
Xom roars with laughter!
You die...
Xom cackles wildly!

######## ###.#.#§§##
##.#.§§§§§J### ###
####....§§§JJ@§§## #.#####
##.......§§.JbJJ§§#######......
#.......J.G§JJ§.§§§#..#........
#........§§.JJ...§§§...........
#........§§.§§§§§§J§...........
###......§§§§§§§§§§§...........
#.............................
###..G...............J.........
###..............................


You could see the Royal Jelly, a shard shrike (extremely poisoned), 2 acid
blobs, 3 azure jellies, 6 rockslimes, a quicksilver ooze and a glass eye
(poisoned).

Vanquished Creatures
  Saint Roka (Snake:4)
  Nikola (Snake:3)
  Asterion (Snake:4)
  Frances (D:14)
  Aizul (Snake:4)
  9 acid blobs
  Donald (Snake:4)
  9 rockslimes
  8 nagarajas
  7 azure jellies
  2 very ugly things (IceCv)
  14 formless jellyfish
  9 quicksilver oozes
  A stone giant (D:15)
  The ghost of Griffin23 the Fencer, a journeyman MiFi of Trog (Lair:2)
  A minotaur (Gauntlet)
  A vault guard (D:14)
  An ice dragon (Lair:1)
  2 great orbs of eyes
  2 fire dragons
  A caustic shrike simulacrum (IceCv)
  3 demonspawn (Orc:2)
  2 hydras
  2 salamander tyrants (Snake:4)
  9 anacondas
  6 centaur warriors
  Erolcha (D:11)
  An ogre mage (D:15)
  7 two-headed ogres
  A catoblepas (Lair:1)
  19 naga warriors
  A hell hog (Lair:5)
  An occultist (Gauntlet)
  3 boulder beetles
  6 orc high priests (Orc:2)
  21 naga sharpshooters
  13 shock serpents
  A glowing orange brain (Slime:5)
  A salamander mystic (Snake:4)
  A mana viper (shapeshifter) (Orc:1)
  3 arcanists
  10 mana vipers
  A swamp dragon (Lair:5)
  An orange crystal statue (IceCv)
  8 naga ritualists
  3 deep elf pyromancers
  7 orc knights
  23 ugly things
  12 salamanders
  8 orc sorcerers
  2 manticores
  8 shining eyes
  A meliai (D:11)
  4 cyclopes
  Maurice (D:8)
  40 black mambas
  2 kobold blastminers
  18 elephants
  A worldbinder (Gauntlet)
  23 naga magi
  4 guardian serpents
  A torpor snail (Lair:3)
  9 rime drakes
  7 komodo dragons
  10 cane toads
  2 unseen horrors
  2 freezing wraiths (IceCv)
  A kobold demonologist (D:10)
  A tengu conjurer (D:8)
  An efreet (D:15)
  An ice devil (Orc:2)
  A troll (shapeshifter) (Snake:1)
  7 trolls
  10 polar bears
  A tyrant leech (Snake:4)
  A hornet (D:10)
  A glass eye (Slime:4)
  A tarantella (shapeshifter) (Snake:4)
  4 dream sheep
  Grinder (D:5)
  A raiju (Lair:5)
  12 blink frogs
  61 slime creatures
  A vampire (D:11)
  3 centaur simulacra
  A shadow (D:11)
  A ynoxinul (Orc:2)
  5 wraiths
  2 dire elephant simulacra (IceCv)
  21 yaks
  A human (D:7)
  9 wyverns
  14 golden eyes
  9 steam dragons
  3 hogs (D:7)
  Grum (Lair:1)
  2 basilisks
  11 wargs
  A chaos spawn (Orc:2)
  11 vampire mosquitoes
  5 acid dragons
  59 nagas
  A harpy simulacrum (IceCv)
  16 hell hounds (Lair:5)
  10 water moccasins
  A swamp drake (Lair:5)
  An ettin simulacrum (IceCv)
  43 orc warriors
  15 black bears
  An ice beast (D:8)
  A black mamba simulacrum (Lair:2)
  6 ogres
  30 wolves
  3 boggarts (Gauntlet)
  3 centaurs
  A phantom (D:5)
  2 kobold brigands
  8 bullfrogs
  A gnoll sergeant (D:11)
  9 scorpions
  A cane toad simulacrum (Lair:2)
  A scorpion (shapeshifter) (D:13)
  A skyshark simulacrum (Lair:2)
  5 wights (D:8)
  19 killer bees
  3 lindwurm simulacra (IceCv)
  8 electric eels
  11 howler monkeys
  A komodo dragon simulacrum (Lair:2)
  3 centaur zombies (Ossuary)
  2 hounds (D:5)
  A bombardier beetle (D:7)
  A gnoll bouda (D:8)
  A jelly (D:5)
  A human zombie (Ossuary)
  31 orc priests
  A water moccasin simulacrum (Lair:2)
  3 sleepcaps
  13 iguanas
  20 orc wizards
  13 hell rats
  4 scorpion zombies (Ossuary)
  A wolf simulacrum (Lair:2)
  A basilisk simulacrum (Lair:2)
  3 mummies (Ossuary)
  7 gnolls
  5 adders
  4 shadow imps
  2 white imps
  2 ufetubi (D:5)
  2 adder zombies (Ossuary)
  5 dart slugs
  3 ribbon worms
  97 orcs
  5 ball pythons
  6 endoplasms
  4 giant cockroaches
  3 goblins
  5 hobgoblins
  9 kobolds
  4 quokkas
  A ball python zombie (Ossuary)
  2 bats
  5 frilled lizards
  3 gnoll zombies (Ossuary)
  A goblin zombie (D:5)
  2 jackal zombies (Ossuary)
  6 orc zombies (Ossuary)
  A quokka zombie (D:5)
  6 rats
1140 creatures vanquished.

Vanquished Creatures (collateral kills)
  A naga sharpshooter (Snake:1)
  A shock serpent (Snake:1)
  A swamp dragon (Lair:2)
  A naga ritualist (Snake:1)
  A salamander (Snake:4)
  A black mamba (Snake:1)
  A naga mage (Snake:3)
  A guardian serpent (Snake:3)
  2 yaks
  A naga (Snake:1)
  A centaur (D:15)
  2 orc priests
  An orc wizard (Orc:1)
  2 orcs
  2 kobolds (D:7)
19 creatures vanquished.

Vanquished Creatures (others)
  An anaconda (Snake:1)
  2 ugly things (D:15)
  3 orc warriors
  A black bear (Lair:5)
  A wolf (Lair:5)
  An orc priest (Orc:2)
  An orc wizard (Orc:1)
  6 orcs (Orc:2)
  A kobold (D:7)
17 creatures vanquished.

Grand Total: 1176 creatures vanquished

Notes
Turn   | Place    | Note
-------+----------+-------------------------------------------
     0 | D:1      | ezpacito the Coglin Chaos Knight began the quest for the
                  | Orb.
     0 | D:1      | Reached XP level 1. HP: 18/18 MP: 1/1
    22 | D:1      | XOM: divination: detect items
    58 | D:1      | Reached skill level 1 in Dodging
   282 | D:1      | Reached XP level 2. HP: 22/24 MP: 2/2
   310 | D:1      | Found a faded altar of an unknown god.
   384 | D:1      | XOM: 7-stop teleportation journey
   481 | D:1      | XOM: god gift: +2 pair of gloves of dexterity
   513 | D:1      | XOM: confuse monster(s)
   706 | D:1      | XOM: silly message
   709 | D:1      | Reached XP level 3. HP: 28/29 MP: 3/3
   982 | D:2      | XOM: 2-stop teleportation journey
  1110 | D:2      | XOM: give mutation
  1110 | D:2      | Gained mutation: You are partially covered in iridescent
                  | scales. (AC +2) [Xom's mischief]
  1367 | D:2      | XOM: stat loss: -1 Dex (15/16)
  1753 | D:3      | Reached XP level 4. HP: 34/35 MP: 4/4
  2022 | D:3      | Reached skill level 1 in Stealth
  2102 | D:3      | Reached XP level 5. HP: 41/41 MP: 6/6
  2464 | D:4      | Found Mikkixom's Weapon Emporium.
  2520 | D:4      | XOM: potion effect (haste)
  2522 | D:4      | XOM: divination: detect items
  2590 | D:4      | Found a sacrificial altar of Ru.
  2590 | D:4      | Found a hazy altar of Hepliaklqana.
  2692 | D:4      | Found a glowing silver altar of Zin.
  2713 | D:4      | Found a white marble altar of Elyvilon.
  2738 | D:4      | Identified the +3 whip of Corporal Punishment {drain,
                  | Dex+3}
  2917 | D:4      | Found a stormy altar of Qazlal.
  2932 | D:4      | Found a glowing golden altar of the Shining One.
  2973 | D:4      | XOM: silly message
  3000 | D:4      | XOM: cloud trail
  3161 | D:4      | Reached skill level 1 in Spellcasting
  3171 | D:4      | Reached skill level 1 in Polearms
  3171 | D:4      | Reached skill level 1 in Evocations
  3171 | D:4      | Reached XP level 6. HP: 40/48 MP: 7/7
  3222 | D:5      | Entered Level 5 of the Dungeon
  3287 | D:5      | XOM: enchant monster (bad)
  3291 | D:5      | Reached XP level 7. HP: 51/54 MP: 9/9
  3442 | D:5      | Noticed Grinder
  3444 | D:5      | Found a sand-covered staircase.
  3456 | D:5      | Paralysed by Grinder for 4 turns
  3462 | D:5      | Paralysed by Grinder for 5 turns
  3471 | D:5      | Killed Grinder
  3520 | Ossuary  | Entered an ossuary
  3629 | Ossuary  | Reached XP level 8. HP: 57/61 MP: 10/10
  3689 | Ossuary  | XOM: god gift: 18 gold pieces
  3820 | Ossuary  | XOM: god gift: +2 broad axe of flaming
  3826 | Ossuary  | Reached skill level 5 in Fighting
  3909 | Ossuary  | Reached skill level 5 in Axes
  4478 | D:6      | Found Jas Tiehe's Magic Scroll Emporium.
  4487 | D:6      | Bought a scroll of poison for 56 gold pieces
  4487 | D:6      | Bought a scroll of revelation for 105 gold pieces
  4487 | D:6      | Bought a scroll of identify for 28 gold pieces
  4487 | D:6      | Bought a scroll of enchant weapon for 105 gold pieces
  4511 | D:6      | XOM: give mutation
  4511 | D:6      | Gained mutation: Your flesh is cold resistant. (rC+) [Xom's
                  | grace]
  4719 | D:6      | Found a staircase to the Ecumenical Temple.
  4771 | Temple   | Entered the Ecumenical Temple
  4871 | D:6      | Reached XP level 9. HP: 56/68 MP: 12/12
  4910 | D:6      | Found a sparkling altar of Nemelex Xobeh.
  4950 | D:6      | XOM: give mutation
  4950 | D:6      | Gained mutation: You have an increased reservoir of magic.
                  | (+10% MP) [Xom's grace]
  5003 | D:6      | Found Syn Gec's Assorted Antiques.
  5007 | D:6      | XOM: give mutation
  5007 | D:6      | Gained mutation: Your flesh is very cold resistant. (rC++)
                  | [Xom's grace]
  5011 | D:6      | Learned a level 6 spell: Sculpt Simulacrum
  5019 | D:6      | Learned a level 7 spell: Monstrous Menagerie
  5022 | D:6      | Bought a scroll of identify for 42 gold pieces
  5030 | D:6      | XOM: give mutations
  5030 | D:6      | Gained mutation: You have a pair of small horns on your
                  | head. [Xom's grace]
  5030 | D:6      | Gained mutation: You are strong-willed. (Will+) [Xom's
                  | grace]
  5030 | D:6      | Gained mutation: You are robust. (+10% HP) [Xom's grace]
  5155 | D:7      | You fall into a shaft and drop 1 floor!
  5191 | D:8      | XOM: god gift: 30 gold pieces
  5212 | D:8      | XOM: 5-stop teleportation journey
  5214 | D:8      | Found a snail-covered altar of Cheibriados.
  5250 | D:7      | XOM: cleaving
  5287 | D:7      | Found Towkucarch's Armour Shop.
  5358 | D:7      | Reached skill level 5 in Armour
  5361 | D:7      | Reached skill level 1 in Summonings
  5361 | D:7      | Reached skill level 1 in Alchemy
  5365 | D:7      | Reached skill level 1 in Unarmed Combat
  5496 | D:7      | XOM: summons friendly white imp
  5539 | D:7      | XOM: destruction
  5895 | D:7      | Reached XP level 10. HP: 76/83 MP: 15/15
  6060 | D:7      | XOM: cloud trail
  6147 | D:8      | XOM: blink monster(s)
  6156 | D:8      | Reached skill level 5 in Dodging
  6289 | D:8      | Noticed Maurice
  6290 | D:8      | Noticed an elephant
  6291 | D:8      | Found a staircase to the Lair.
  6298 | D:8      | XOM: confusion
  6306 | D:8      | Killed an elephant
  6309 | D:8      | Killed Maurice
  6338 | D:8      | Reached skill level 5 in Evocations
  6444 | D:8      | Noticed a two-headed ogre
  6449 | D:8      | Killed a two-headed ogre
  6462 | D:8      | Noticed an arcanist
  6463 | D:8      | XOM: summons 2 hostile shadow creatures
  6465 | D:8      | Noticed a cyclops
  6474 | D:8      | Killed an arcanist
  6475 | D:8      | Reached XP level 11. HP: 59/92 MP: 17/17
  6481 | D:8      | XOM: confusion
  6483 | D:8      | Killed a cyclops
  6528 | D:8      | XOM: give mutations
  6528 | D:8      | Gained mutation: You are vulnerable to heat. (rF-) [Xom's
                  | mischief]
  6528 | D:8      | Lost mutation: Your flesh is very cold resistant. (rC++)
                  | [Xom's mischief]
  6528 | D:8      | Lost mutation: You have an increased reservoir of magic.
                  | (+10% MP) [Xom's mischief]
  7109 | D:8      | Got the Quarto of the Massed Crypt
  7119 | D:8      | Learned a level 3 spell: Fugue of the Fallen
  7208 | D:9      | XOM: 1-stop teleportation journey
  7267 | D:9      | Found a staircase to the Orcish Mines.
  7268 | D:9      | Found Fusuc's Armour Shoppe.
  7779 | D:9      | XOM: draining
  7864 | D:10     | Entered Level 10 of the Dungeon
  8033 | D:10     | XOM: polymorph orc wizard -> hobgoblin
  8065 | D:10     | Identified the +8 hand axe of Discretion {heavy, rF+ rN+}
  8095 | D:10     | XOM: god gift: glowing great sword {god gift}
  8150 | D:10     | XOM: 6-stop teleportation journey
  8166 | D:10     | XOM: silly message
  8326 | D:10     | Reached skill level 1 in Necromancy
  8347 | D:10     | XOM: noise
  8353 | D:10     | XOM: give mutation
  8353 | D:10     | Gained mutation: You are mostly covered in iridescent
                  | scales. (AC +4) [Xom's grace]
  8508 | D:10     | XOM: give mutation
  8508 | D:10     | Gained mutation: Your flesh is very cold resistant. (rC++)
                  | [Xom's grace]
  8549 | D:10     | XOM: give mutations
  8549 | D:10     | Gained mutation: You have a pair of horns on your head.
                  | [Xom's grace]
  8549 | D:10     | Gained mutation: You passively dampen the noise of your
                  | surroundings. [Xom's grace]
  8549 | D:10     | Gained mutation: Your natural rate of healing is unusually
                  | fast. [Xom's grace]
  8549 | D:10     | Gained mutation: You heal very quickly. [Xom's grace]
  8661 | D:11     | Noticed a two-headed ogre
  8664 | D:11     | a two-headed ogre changed into a meliai
  8664 | D:11     | XOM: polymorph two-headed ogre -> meliai
  8793 | D:11     | Noticed a manticore
  8800 | D:11     | Killed a manticore
  8892 | D:11     | XOM is BORED!
  8892 | D:11     | XOM: give mutation
  8892 | D:11     | Lost mutation: You are mostly covered in iridescent scales.
                  | (AC +4) [Xom's mischief]
  8972 | D:11     | Noticed a cyclops
  8981 | D:11     | Killed a cyclops
  8982 | D:11     | Reached XP level 12. HP: 82/101 MP: 18/18
  9001 | D:11     | Noticed Erolcha
  9009 | D:11     | Killed Erolcha
  9228 | D:11     | XOM: smoke on damage
  9316 | D:11     | Learned a level 1 spell: Magic Dart
  9319 | D:11     | Learned a level 2 spell: Cigotuvi's Dreadful Rot
  9368 | D:12     | Identified the +8 sling "Wujuti" {freeze, SInv Stlth+}
  9387 | D:12     | Noticed a two-headed ogre
  9391 | D:12     | Found a gate leading to a gauntlet.
  9396 | D:12     | Killed a two-headed ogre
  9495 | Gauntlet | Entered a Gauntlet
  9495 | Gauntlet | Found a transporter.
  9496 | Gauntlet | XOM: scenery: summon butterflies
  9509 | Gauntlet | Found a transporter.
  9511 | Gauntlet | Noticed a death scarab
  9519 | Gauntlet | Found a transporter.
  9521 | Gauntlet | Noticed a dire elephant
  9524 | Gauntlet | Found a transporter.
  9539 | Gauntlet | Noticed a wretched star
  9541 | Gauntlet | Found a transporter.
  9558 | Gauntlet | Found a transporter.
  9566 | Gauntlet | Noticed an entropy weaver
  9570 | Gauntlet | Found a transporter.
  9582 | Gauntlet | Found a transporter.
  9588 | Gauntlet | Found a transporter.
  9590 | Gauntlet | Found a transporter.
  9607 | Gauntlet | Found a transporter.
  9608 | Gauntlet | Noticed an entropy weaver
  9615 | Gauntlet | Found a large runed translucent door.
  9616 | Gauntlet | Found a large runed translucent door.
  9617 | Gauntlet | Found a large runed translucent door.
  9617 | Gauntlet | Found a large runed translucent door.
  9618 | Gauntlet | Found a runed translucent gate.
  9619 | Gauntlet | Found a transporter.
  9619 | Gauntlet | Found a runed translucent gate.
  9620 | Gauntlet | Found a runed translucent gate.
  9621 | Gauntlet | Found a large runed translucent door.
  9621 | Gauntlet | Found a large runed translucent door.
  9622 | Gauntlet | Found a large runed translucent door.
  9623 | Gauntlet | Found a large runed translucent door.
  9623 | Gauntlet | Noticed an occultist
  9632 | Gauntlet | Found a large runed translucent door.
  9632 | Gauntlet | Found a large runed translucent door.
  9632 | Gauntlet | Found a runed translucent door.
  9632 | Gauntlet | Found a runed translucent door.
  9633 | Gauntlet | Found a large runed translucent door.
  9634 | Gauntlet | Found a large runed translucent door.
  9636 | Gauntlet | Found a transporter.
  9643 | Gauntlet | Found a large runed translucent door.
  9643 | Gauntlet | Found a large runed translucent door.
  9644 | Gauntlet | Found a large runed translucent door.
  9645 | Gauntlet | Found a large runed translucent door.
  9653 | Gauntlet | Found a transporter.
  9655 | Gauntlet | Found a transporter.
  9705 | Gauntlet | Found a transporter.
  9764 | Gauntlet | XOM: god gift: 966 gold pieces
  9793 | Gauntlet | XOM: scenery: create altars
  9820 | Gauntlet | Found a transporter.
  9904 | Gauntlet | Found a transporter.
  9938 | Gauntlet | XOM: cast spell 'Metabolic Englaciation'
  9998 | Gauntlet | Killed an occultist
  9999 | Gauntlet | Reached skill level 5 in Polearms
 10008 | Gauntlet | Identified the +3 pair of boots of the Fiend {Str+2}
 10033 | Gauntlet | Noticed a minotaur
 10040 | Gauntlet | Killed a minotaur
 10047 | Gauntlet | Identified the +1 robe of the Storm King {rElec rF+}
 10112 | D:12     | Noticed a boulder beetle
 10117 | D:12     | Reached skill level 5 in Stealth
 10124 | D:12     | Killed a boulder beetle
 10490 | D:13     | Noticed a centaur warrior
 10491 | D:13     | XOM: summons friendly white imp
 10498 | D:13     | Killed a centaur warrior
 10499 | D:13     | Reached skill level 1 in Conjurations
 10500 | D:13     | Noticed a centaur warrior
 10503 | D:13     | Noticed a two-headed ogre
 10509 | D:13     | Killed a centaur warrior
 10510 | D:13     | Reached skill level 1 in Air Magic
 10512 | D:13     | Killed a two-headed ogre
 10567 | D:13     | XOM: god gift: wand of charming (5)
 10615 | D:13     | XOM: silly message
 10621 | D:13     | Reached skill level 1 in Ice Magic
 10621 | D:13     | Reached XP level 13. HP: 108/108 MP: 20/20
 10627 | D:13     | Found a glowing golden altar of the Shining One.
 10684 | D:13     | XOM: silly message
 10757 | D:13     | XOM: scenery: create altars
 10758 | D:13     | XOM: polymorph centaur warrior -> cyclops
 10773 | D:13     | XOM: cast spell 'Leda's Liquefaction'
 10779 | D:13     | XOM: fog
 10991 | D:13     | XOM: noise
 10992 | D:13     | XOM: enchant monster (good)
 11017 | D:13     | XOM: polymorph brown ugly thing -> cyan ugly thing
 11227 | D:6      | Bought a Gell's gravitambourine (2/2) for 840 gold pieces
 11227 | D:6      | Bought a scroll of teleportation for 63 gold pieces
 11227 | D:6      | Bought a scroll of revelation for 157 gold pieces
 11259 | D:6      | Bought a scroll of enchant armour for 105 gold pieces
 11259 | D:6      | Bought a scroll of amnesia for 56 gold pieces
 11259 | D:6      | Bought a scroll of fear for 56 gold pieces
 11559 | D:14     | Noticed Frances
 11561 | D:14     | XOM: cast spell 'Alistair's Intoxication'
 11562 | D:14     | XOM: god gift: glowing sling {god gift}
 11566 | D:14     | XOM: butterfly on damage
 11570 | D:14     | Killed Frances
 11571 | D:14     | Reached skill level 5 in Spellcasting
 12289 | D:14     | XOM: cloud trail
 12386 | D:14     | Found a gate to the Vaults.
 12386 | D:14     | Noticed a vault guard
 12395 | D:14     | Killed a vault guard
 12464 | D:15     | Entered Level 15 of the Dungeon
 12467 | D:15     | Reached skill level 5 in Alchemy
 12510 | D:15     | Found a staircase to the Depths.
 12510 | D:15     | Noticed a stone giant
 12516 | D:15     | XOM: summons 13 friendly demons
 12523 | D:15     | Killed a stone giant
 12586 | D:15     | Identified the +10 scale mail of Skepticism {Rampage
                  | *Corrode +Inv Will++}
 12734 | D:15     | XOM: summons 13 friendly demons
 12747 | D:15     | Reached skill level 5 in Summonings
 12817 | D:15     | XOM: summons 1 friendly demon
 12821 | D:15     | Reached XP level 14. HP: 76/118 MP: 21/21
 12822 | D:15     | Acquired a N-6600 hydrocompensator {rPois Will+ Regen+
                  | RegenMP+ rCorr}
 12964 | D:15     | XOM: enchant monster (good)
 13147 | D:15     | XOM: confuse monster(s)
 13160 | D:15     | XOM: fog
 13217 | D:15     | XOM: god gift: +2 cloak of poison resistance
 13472 | Orc:1    | Entered Level 1 of the Orcish Mines
 13474 | Orc:1    | XOM: fog
 13480 | Orc:1    | XOM: divination: magic mapping
 13483 | Orc:1    | Reached skill level 5 in Unarmed Combat
 13567 | Orc:1    | XOM: god gift: wand of warping (4)
 13619 | Orc:1    | Noticed an orc warlord
 13619 | Orc:1    | XOM: divination: detect items
 13623 | Orc:1    | XOM: enchant monster (good)
 13624 | Orc:1    | XOM: divination: detect items
 13626 | Orc:1    | an orc warlord changed into a shapeshifter
 13626 | Orc:1    | XOM: polymorph orc warlord -> shapeshifter
 13627 | Orc:1    | XOM: enchant monster (good)
 13660 | Orc:1    | Found a bloodstained altar of Trog.
 13732 | Orc:1    | XOM: polymorph troll -> acid dragon
 13814 | Orc:1    | XOM: cast spell 'Summon Cactus Giant'
 13981 | Orc:2    | Entered Level 2 of the Orcish Mines
 13981 | Orc:2    | Found a staircase to the Elven Halls.
 14022 | Orc:2    | XOM: swap monsters
 14032 | Orc:2    | XOM: silly message
 14122 | Orc:2    | Found Mabloipn's Weapon Shoppe.
 14217 | Orc:2    | XOM: butterfly on damage
 14259 | Orc:2    | Found Diazoiq's Distillery.
 14260 | Orc:2    | Found Sop Oryi's Magic Scroll Shop.
 14268 | Orc:2    | XOM: destruction
 14332 | Orc:2    | Bought a potion of might for 44 gold pieces
 14332 | Orc:2    | Bought 2 potions of lignification for 66 gold pieces
 14332 | Orc:2    | Bought a potion of attraction for 33 gold pieces
 14332 | Orc:2    | Bought a potion of attraction for 33 gold pieces
 14332 | Orc:2    | Bought 2 potions of heal wounds for 110 gold pieces
 14332 | Orc:2    | Bought a potion of heal wounds for 55 gold pieces
 14332 | Orc:2    | Bought a potion of attraction for 33 gold pieces
 14332 | Orc:2    | Bought a potion of heal wounds for 55 gold pieces
 14334 | Orc:2    | Bought a scroll of identify for 24 gold pieces
 14334 | Orc:2    | Bought a scroll of identify for 24 gold pieces
 14334 | Orc:2    | Bought a scroll of blinking for 90 gold pieces
 14334 | Orc:2    | Bought a scroll of revelation for 90 gold pieces
 14334 | Orc:2    | Bought a scroll of teleportation for 36 gold pieces
 14334 | Orc:2    | Bought a scroll of identify for 24 gold pieces
 14334 | Orc:2    | Bought a scroll of teleportation for 36 gold pieces
 14465 | Orc:2    | XOM: cast spell 'Death Channel'
 14469 | Orc:2    | XOM: scenery: create altars
 14507 | Orc:2    | XOM: blink monster(s)
 14521 | Orc:2    | Reached skill level 10 in Axes
 14537 | Orc:2    | Reached XP level 15. HP: 126/126 MP: 23/23
 14538 | Orc:2    | Found Jelus's Book Emporium.
 14538 | Orc:2    | Found a one-way gate leading to the halls of Pandemonium.
 14538 | Orc:2    | Found Raelon's Antique Armour Shoppe.
 14657 | Lair:1   | Entered Level 1 of the Lair of Beasts
 14668 | Lair:1   | Reached skill level 10 in Fighting
 14672 | Lair:1   | XOM: enchant monster (bad)
 14678 | Lair:1   | XOM: polymorph butterfly -> quokka
 14680 | Lair:1   | XOM: repel stairs
 14731 | Lair:1   | Noticed Grum
 14736 | Lair:1   | Killed Grum
 14799 | Lair:1   | XOM: silly message
 14970 | Lair:1   | XOM: scenery: create altars
 15477 | Lair:1   | Learned a level 4 spell: Martyr's Knell
 15480 | Lair:1   | Learned a level 2 spell: Blink
 15485 | Lair:1   | Identified the ring "Qulanoar" {rN+ Str+3 Int+2 SInv} (Xom
                  | gifted it to you on level 1 of the Lair of Beasts)
 15485 | Lair:1   | XOM: god gift: ring "Qulanoar" {rN+ Str+3 Int+2 SInv}
 15499 | Lair:2   | Found a runed translucent gate.
 15500 | Lair:2   | Found a runed translucent gate.
 15502 | Lair:2   | Found a runed translucent gate.
 15505 | Lair:2   | XOM: blink monster(s)
 15534 | Lair:2   | XOM: potion effect (might)
 15592 | Lair:2   | Found a staircase to the Swamp.
 15595 | Lair:2   | XOM: cast spell 'Summon Hydra'
 15658 | Lair:2   | Found a staircase to the Snake Pit.
 15703 | Lair:2   | Noticed Griffin23's ghost (journeyman MiFi)
 15807 | Lair:2   | XOM: summons friendly iron imp
 15835 | Lair:2   | XOM: give mutations
 15835 | Lair:2   | Gained mutation: You are covered in fur. (AC +1) [Xom's
                  | grace]
 15835 | Lair:2   | Gained mutation: Your spells are a little harder to cast,
                  | but a little more powerful. [Xom's grace]
 16472 | Lair:2   | Killed Griffin23's ghost
 16490 | Lair:2   | XOM: summons friendly shadow imp
 16587 | Lair:3   | Reached skill level 1 in Translocations
 16846 | Lair:3   | Reached skill level 5 in Necromancy
 17172 | Lair:3   | XOM: noise
 17234 | Lair:4   | XOM: destruction
 17597 | Lair:4   | XOM: divination: detect items
 17613 | Lair:4   | XOM: 4-stop teleportation journey
 17666 | Lair:4   | Found the +0 pair of gloves of the gadgeteer {Gadgeteer
                  | Wandboost ^Fragile}
 17803 | Lair:4   | Found a runed translucent door.
 17807 | Lair:4   | Found a staircase to the Slime Pits.
 18015 | Lair:4   | XOM: scenery: summon butterflies
 18138 | Lair:4   | XOM: summons 3 hostile shadow creatures
 18314 | Lair:4   | XOM: scenery: summon butterflies
 18339 | Lair:5   | Entered Level 5 of the Lair of Beasts
 18524 | Lair:5   | XOM: 2-stop teleportation journey
 18601 | Lair:5   | XOM: silly message
 18840 | Lair:5   | Reached XP level 16. HP: 135/135 MP: 25/25
 18852 | Lair:5   | XOM: cast spell 'Alistair's Intoxication'
 18935 | Lair:5   | XOM: divination: detect creatures
 18986 | Lair:5   | XOM: cast spell 'Animate Armour'
 19229 | Lair:5   | XOM: cast spell 'Summon Small Mammal'
 19416 | Snake:1  | Entered Level 1 of the Snake Pit
 19429 | Snake:1  | You fall into a shaft and drop 1 floor!
 19438 | Snake:2  | XOM: divination: magic mapping
 19463 | Snake:2  | Found Aqesk's Antique Armour Emporium.
 19478 | Snake:2  | XOM: potion effect (might)
 19481 | Snake:2  | XOM: summons friendly quasit
 19486 | Snake:1  | Found a glacial archway.
 19499 | IceCv    | Entered an ice cave
 19501 | IceCv    | Found a transporter.
 19502 | IceCv    | XOM: summons friendly quasit
 19508 | IceCv    | XOM: 1-stop teleportation journey
 19547 | IceCv    | Found a transporter.
 19549 | IceCv    | XOM: confusion (+ monsters)
 19551 | IceCv    | XOM: summons 3 friendly demons
 19554 | IceCv    | XOM: confuse monster(s)
 19664 | Snake:1  | XOM: polymorph naga -> shapeshifter
 19729 | Snake:1  | Reached skill level 10 in Armour
 19729 | Snake:1  | Reached skill level 1 in Shapeshifting
 19776 | Snake:1  | XOM: scenery: summon butterflies
 19959 | Snake:1  | XOM: scenery: summon butterflies
 19967 | Snake:1  | XOM: destruction
 20082 | Snake:1  | XOM: god gift: 23 gold pieces
 20091 | Snake:1  | XOM: scenery: summon butterflies
 20165 | Snake:1  | XOM: summons 3 hostile demons
 20297 | Snake:1  | XOM: summons 2 friendly demons
 20359 | Snake:1  | Noticed a nagaraja
 20366 | Snake:1  | Killed a nagaraja
 20502 | Snake:1  | Found the +7 great mace "Firestarter" {flame, immolate,
                  | rFlCloud rF++}
 20643 | Snake:1  | Reached XP level 17. HP: 36/144 MP: 26/26
 20815 | Snake:1  | XOM: polymorph naga mage -> wyvern
 21111 | Snake:1  | XOM: scenery: create altars
 21181 | Swamp:1  | Entered Level 1 of the Swamp
 21651 | Snake:2  | Reached skill level 10 in Dodging
 21963 | Snake:3  | XOM: scenery: create altars
 21992 | Snake:3  | Found Wumar's General Store.
 21992 | Snake:3  | Found Kaezes's Jewellery Shoppe.
 22000 | Snake:3  | XOM: scenery: create altars
 22003 | Snake:3  | XOM: cleaving
 22017 | Snake:3  | Bought a scroll of identify for 24 gold pieces
 22017 | Snake:3  | Bought a scroll of fear for 48 gold pieces
 22017 | Snake:3  | Bought a scroll of identify for 24 gold pieces
 22017 | Snake:3  | Bought a potion of invisibility for 96 gold pieces
 22017 | Snake:3  | Bought 2 scrolls of blinking for 180 gold pieces
 22017 | Snake:3  | Bought 2 potions of brilliance for 96 gold pieces
 22035 | Snake:3  | Learned a level 3 spell: Vampiric Draining
 22052 | Snake:3  | XOM: summons friendly ufetubus
 22076 | Snake:3  | XOM: god gift: scroll of silence
 22090 | Snake:3  | Reached skill level 5 in Conjurations
 22092 | Snake:3  | XOM: confuse monster(s)
 22105 | Snake:3  | XOM: god gift: orcbow {god gift}
 22141 | Snake:3  | Noticed Nikola
 22146 | Snake:3  | XOM: confuse monster(s)
 22154 | Snake:3  | XOM: smoke on damage
 22163 | Snake:3  | XOM: smoke on damage
 22165 | Snake:3  | Killed Nikola
 22166 | Snake:3  | Reached skill level 1 in Maces & Flails
 22337 | Snake:3  | XOM: polymorph naga warrior -> scorpion
 22342 | Snake:3  | XOM: 2-stop teleportation journey
 22412 | Snake:3  | XOM: 1-stop teleportation journey
 22493 | Snake:3  | XOM: 3-stop teleportation journey
 22575 | Snake:3  | Identified the +7 ring mail "Hytik" {rF++ Will+}
 22620 | Snake:3  | XOM: give mutations
 22620 | Snake:3  | Gained mutation: You expend magic power (3 MP) to
                  | strengthen your wands. [Xom's grace]
 22620 | Snake:3  | Gained mutation: You are somewhat resistant to further
                  | mutation. [Xom's grace]
 22620 | Snake:3  | Gained mutation: You have a pair of large horns on your
                  | head. [Xom's grace]
 22656 | Snake:3  | XOM: give mutations
 22656 | Snake:3  | Gained mutation: Your flesh is almost immune to the effects
                  | of cold. (rC+++) [Xom's grace]
 22656 | Snake:3  | Gained mutation: You are very robust. (+20% HP) [Xom's
                  | grace]
 22656 | Snake:3  | Gained mutation: Your movements are slightly less
                  | encumbered by armour. (ER -2) [Xom's grace]
 22656 | Snake:3  | Gained mutation: You are somewhat resistant to both further
                  | mutation and mutation removal. [Xom's grace]
 22760 | Snake:4  | Entered Level 4 of the Snake Pit
 22822 | Snake:4  | XOM: enchant monster (good)
 22855 | Snake:4  | XOM: give mutation
 22855 | Snake:4  | Gained mutation: Your mind is acute. (Int +4, Str/Dex -1)
                  | [Xom's grace]
 22934 | Snake:4  | XOM: scenery: summon butterflies
 22938 | Snake:4  | Reached skill level 5 in Air Magic
 22984 | Snake:4  | XOM: polymorph naga ritualist -> shapeshifter
 22991 | Snake:4  | XOM: smoke on damage
 23029 | Snake:4  | XOM: silly message
 23031 | Snake:4  | Identified the serpent talisman of Tenacity {rF- Str+8
                  | Int-4}
 23031 | Snake:4  | Noticed Aizul
 23041 | Snake:4  | Killed Aizul
 23069 | Snake:4  | XOM: silly message
 23169 | Snake:4  | Reached skill level 10 in Evocations
 23182 | Snake:4  | XOM: god gift: condenser vane
 23227 | Snake:4  | XOM: enchant monster (good)
 23268 | Snake:4  | XOM: polymorph nagaraja -> tyrant leech
 23300 | Snake:4  | XOM: polymorph nagaraja -> fire dragon
 23322 | Snake:4  | Reached XP level 18. HP: 127/166 MP: 27/27
 23339 | Snake:4  | Noticed Donald
 23347 | Snake:4  | XOM: scenery: summon butterflies
 23351 | Snake:4  | XOM: scenery: create altars
 23512 | Snake:4  | XOM: chaos upgrade
 23531 | Snake:4  | Reached skill level 5 in Ice Magic
 23622 | Snake:4  | XOM: swap monsters
 23658 | Snake:4  | XOM: give mutations
 23658 | Snake:4  | Lost mutation: Your spells are a little harder to cast, but
                  | a little more powerful. [Xom's mischief]
 23658 | Snake:4  | Lost mutation: Your flesh is almost immune to the effects
                  | of cold. (rC+++) [Xom's mischief]
 23738 | Snake:4  | XOM: confuse monster(s)
 23793 | Snake:4  | Got a serpentine rune of Zot
 23914 | Snake:4  | Noticed Asterion
 23918 | Snake:4  | XOM: enchant monster (good)
 23926 | Snake:4  | XOM: confuse monster(s)
 23927 | Snake:4  | Killed Asterion
 24017 | Snake:4  | Noticed Saint Roka
 24052 | Snake:4  | XOM: cast spell 'Animate Armour'
 24063 | Snake:4  | Killed Saint Roka
 24116 | Snake:4  | Killed Donald
 24211 | Snake:4  | XOM: give mutation
 24211 | Snake:4  | Gained mutation: Your system is resistant to poisons.
                  | (rPois) [Xom's grace]
 24346 | Snake:4  | XOM: give mutations
 24346 | Snake:4  | Gained mutation: You are mostly covered in iridescent
                  | scales. (AC +4) [Xom's grace]
 24346 | Snake:4  | Gained mutation: You regenerate. [Xom's grace]
 24346 | Snake:4  | Gained mutation: A frigid envelope surrounds you and
                  | freezes all who hurt you. [Xom's grace]
 24346 | Snake:4  | Gained mutation: You passively map a small area around you.
                  | [Xom's grace]
 24416 | Snake:4  | XOM: polymorph nagaraja -> anaconda
 24456 | Snake:4  | XOM: god gift: scroll of vulnerability
 24476 | Snake:4  | XOM: scenery: summon butterflies
 24501 | Snake:4  | XOM: give mutation
 24501 | Snake:4  | Lost mutation: Your system is resistant to poisons. (rPois)
                  | [Xom's mischief]
 24588 | Snake:1  | XOM: chaos upgrade
 24607 | Snake:1  | XOM: summons 2 friendly demons
 24845 | Lair:4   | XOM: cast spell 'Summon Ice Beast'
 24853 | Slime:1  | Entered Level 1 of the Pits of Slime
 25273 | Slime:2  | Paralysed by a formless jellyfish for 1 turns
 25274 | Slime:2  | XOM: summons friendly quasit
 25288 | Slime:2  | Paralysed by a formless jellyfish for 1 turns
 25359 | Slime:2  | XOM: give mutations
 25359 | Slime:2  | Lost mutation: Your mind is acute. (Int +4, Str/Dex -1)
                  | [Xom's mischief]
 25359 | Slime:2  | Lost mutation: Your movements are slightly less encumbered
                  | by armour. (ER -2) [Xom's mischief]
 25501 | Slime:2  | Reached XP level 19. HP: 156/175 MP: 29/29
 25529 | Slime:2  | Paralysed by a formless jellyfish for 1 turns
 25612 | Slime:2  | XOM: noise
 25674 | Slime:2  | XOM: summons 10 hostile demons
 25830 | Slime:3  | Reached skill level 5 in Shapeshifting
 25848 | Slime:3  | XOM: enchant monster (bad)
 25851 | Slime:3  | XOM: butterfly on damage
 26002 | Slime:3  | XOM: blink monster(s)
 26325 | Slime:3  | XOM: give mutations
 26325 | Slime:3  | Lost mutation: You are mostly covered in iridescent scales.
                  | (AC +4) [Xom's mischief]
 26325 | Slime:3  | Lost mutation: A frigid envelope surrounds you and freezes
                  | all who hurt you. [Xom's mischief]
 26398 | Slime:4  | XOM: noise
 26416 | Slime:5  | Entered Level 5 of the Pits of Slime
 26498 | Slime:4  | Reached skill level 5 in Translocations
 26630 | Slime:4  | XOM: give mutations
 26630 | Slime:4  | Lost mutation: You are vulnerable to heat. (rF-) [Xom's
                  | mischief]
 26630 | Slime:4  | Lost mutation: You are somewhat resistant to both further
                  | mutation and mutation removal. [Xom's mischief]
 26919 | Slime:5  | XOM: 3-stop teleportation journey
 26978 | Slime:5  | Learned a level 4 spell: Dispel Undead
 27072 | Slime:5  | Noticed the Royal Jelly
 27083 | Slime:5  | XOM: silly message
 27099 | Slime:5  | XOM: cleaving
 27102 | Slime:5  | a rockslime changed into a shard shrike
 27102 | Slime:5  | Noticed a shard shrike
 27102 | Slime:5  | XOM: polymorph rockslime -> shard shrike
 27106 | Slime:5  | Killed themself with a badly aimed rupture

Illustrated notes

Levels and vault maps discovered:
D:1:      minmay_arrival_plants_in_alcoves, layout_basic,
          hellmonk_ecumenical_altar_pennies_from_heaven
D:2:      layout_basic, serial_aquarium, aquarium_bridge_square
          [aquarium_subvault_bridge, aquarium_subvault_wall,
          aquarium_subvault_window, aquarium_subvault_wall], aquarium_window_1,
          aquarium_window_corner, aquarium_window_fake, aquarium_view_2f
D:3:      layout_loops_ring
D:4:      layout_loops_cross, gammafunk_temple_overflow_statue,
          nicolae_overflow_crystal_walls, mainiacjoe_overflow_six_doors_small,
          mainiacjoe_overflow_big_doors, serial_shops, nicolae_stop_n_shop_2,
          grunt_ministairs_2, minmay_misc_feat_rows
D:5:      layout_basic, serial_rivers, chequers_serial_rivers_micro_d,
          chequers_serial_rivers_small_b, chequers_serial_rivers_micro_b,
          chequers_serial_rivers_large_a, chequers_serial_rivers_micro_c,
          enter_ossuary_4, uniq_grinder
D:6:      layout_loops_ring, mainiacjoe_overflow_cross_hatched,
          minmay_temple_entry_glassed_door, serial_shops, shop, shop_statue
D:7:      layout_loops_ring, serial_shops, nicolae_shop_pleasant_corner_grove,
          small_statue_alley_b, grunt_livestock
D:8:      layout_basic, cheibriados_altar_1, david_lair_generic,
          minmay_pinched_square, uniq_maurice
D:9:      layout_roguey, orc_david_3
D:10:     layout_loops_ring, hangedman_decor_points
D:11:     layout_loops_ring, amcnicky_mini_pool_medium, uniq_erolcha
D:12:     layout_cross, gauntlet_entry_generic
D:13:     layout_rooms, grunt_ministairs_11, st_stairs_8, tso_altar
D:14:     layout_stronghold, david_vaults_5, uniq_frances
D:15:     grunt_enter_depths_giant_problem, layout_long_grid,
          grunt_decor_mini_mirrors, minmay_liquid_box, chequers_hall_statues_y,
          hangedman_decor_opposing
Temple:   eino_temple_water
Lair:1:   dragon1_lemuel, layout_gridlike, lemuel_fruit_fields,
          grunt_megastairs_4, serial_bayou_shore_a, infiniplex_staircase_pool,
          lemuel_fruit_tree, serial_bayou_shore_b, uniq_grum
Lair:2:   layout_cellular_growth, minmay_swamp_entry_reptiles,
          guppyfry_snake_entry_island, gammafunk_ghost_icy
Lair:3:   layout_loops_ring
Lair:4:   layout_layer_cave, slime_entry_2, nicolae_lair_lil_pond
Lair:5:   hangedman_lair_caniforms_friends, layout_gridlike,
          guppyfry_lair_end_dragon, disabler_island
Swamp:1:  layout_basic_swamp, hangedman_swamp_ruin_wall, worms_lemuel,
          uniq_roxanne
Snake:1:  kennysheep_snake, layout_layer_cave,
          portal_ice_cave_entry_pillars_three, serial_bayou_shore_b,
          grunt_megastairs_3
Snake:2:  layout_misc_corridors, serial_shops, shop
Snake:3:  layout_gridlike, grunt_megastairs_1, minmay_shoptagon, uniq_nikola
Snake:4:  grunt_snake_rune_spirals, layout_onion, serial_bayou_shore_b,
          uniq_saint_roka, uniq_donald, uniq_asterion, uniq_aizul
Slime:1:  layout_caves
Slime:2:  layout_caves
Slime:3:  layout_caves, nicolae_slime_rock_hall_of_fame
Slime:4:  layout_caves, cheibrodos_slime_lost_civilization_7
Slime:5:  slime_pit_nicolae_amoeboid
Orc:1:    layout_caves, trog_butcher_becter
Orc:2:    pf_orc_diabolical, layout_caves, serial_shops, shop

Skill      XL: |  1  2  3  4  5  6  7  8  9 10 11 12 13 14 15 16 17 18 19 |
---------------+----------------------------------------------------------+-----
Dodging        | 1 2 3 4 5 6 7 8 9 10 11 | 11.2
Armour         | 2 3 4 5 6 7 8 9 10 11 | 11.6
Stealth        | 1 2 3 4 5 6 7 |  7.9
Spellcasting   | 1 2 3 4 5 6 7 |  7.1
Polearms       | 1 2 3 4 5 6 7 8 |  8.0
Evocations     | 1 2 3 4 5 6 7 8 9 10 | 10.9
Fighting       | 4 5 6 7 8 9 10 11 12 | 12.6
Axes           | 4 5 6 7 8 9 10 11 12 | 12.7
Summonings     | 1 2 3 4 5 6 7 |  7.9
Alchemy        | 1 2 3 4 5 6 7 8 |  8.4
Unarmed Combat | 1 2 3 4 5 6 7 |  7.2
Necromancy     | 1 2 3 4 5 6 7 |  7.1
Conjurations   | 1 3 4 5 6 |  6.0
Air Magic      | 1 2 3 4 5 6 |  6.0
Ice Magic      | 1 2 3 4 5 |  5.8
Translocations | 1 3 4 5 |  5.1
Shapeshifting  | 2 3 4 5 |  5.4
Maces & Flails | 1 |  1.0

Action                     |  1- 3 |  4- 6 |  7- 9 | 10-12 | 13-15 | 16-18 | 19-21 || total
---------------------------+-------+-------+-------+-------+-------+-------+-------++-------
  Melee: Dagger            |    53 |    17 |       |       |       |       |       ||    70
         Hand axe          |    44 |    38 |       |   118 |   619 |   735 |   144 ||  1698
         War axe           |       |    62 |    75 |       |       |       |       ||   137
         Short sword       |       |     2 |       |       |       |       |       ||     2
         Whip              |       |    42 |   157 |   145 |       |       |       ||   344
         Broad axe         |       |       |    93 |   276 |   619 |   762 |   147 ||  1897
         Headbutt          |       |       |    15 |    75 |   184 |   201 |    68 ||   543
         Great mace        |       |       |       |       |       |     5 |       ||     5
   Cast: Cigotuvi's Dreadf |       |       |       |       |     1 |       |       ||     1
         Blink             |       |       |       |       |       |       |     1 ||     1
Ability: Invent Gizmo      |       |       |       |       |     1 |       |       ||     1
  Evoke: Wand              |       |       |       |     3 |    10 |    15 |     2 ||    30
         Lightning rod     |       |       |       |     4 |     6 |    17 |     7 ||    34
         Gell's gravitambo |       |       |       |       |       |     5 |     2 ||     7
         Phantom mirror    |       |       |       |       |       |     4 |     1 ||     5
         Sack of spiders   |       |       |       |       |       |     3 |     1 ||     4
         Condenser vane    |       |       |       |       |       |     2 |     1 ||     3
         Tin of tremorston |       |       |       |       |       |       |     2 ||     2
    Use: Scroll            |       |     6 |    10 |    11 |     6 |    23 |     7 ||    63
         Potion            |       |       |     2 |     9 |    10 |    26 |       ||    47
   Stab: Sleeping          |     4 |       |     3 |    11 |    17 |    16 |     1 ||    52
         Held in net/web   |     1 |       |       |       |       |     1 |       ||     2
         Invisible         |       |       |       |     5 |       |     3 |       ||     8
         Petrified         |       |       |       |       |    11 |       |       ||    11
         Distracted        |       |       |       |       |     3 |     4 |       ||     7
         Confused          |       |       |       |       |     2 |    14 |       ||    16
         Paralysed         |       |       |       |       |       |     3 |       ||     3
 Armour: Leather armour    |    17 |       |       |       |       |       |       ||    17
         Chain mail        |     7 |    19 |       |    50 |   220 |       |       ||   296
         Ring mail         |       |    38 |   156 |   365 |       |       |       ||   559
         Scale mail        |       |       |       |       |   550 |  1144 |   228 ||  1922
  Dodge: Dodged            |    24 |    38 |   147 |   357 |   526 |   660 |    88 ||  1840

Table legend: (Time is in decaauts)
 A = Elapsed time spent in this place.
 B = Non-inter-level travel time spent in this place.
 C = Inter-level travel time spent in this place.
 D = Time resting spent in this place.
 E = Time spent auto-exploring this place.
 F = Levels seen in this place.
 G = Mean time per level.
                   A        B        C        D        E       F      G
               +--------+--------+--------+--------+--------+-----+--------+
         Total |  27251 |  25360 |   1891 |    952 |  17777 |  36 |  757.0 |
       Dungeon |  12551 |  11397 |   1154 |    392 |   8770 |  15 |  836.7 |
        Temple |      2 |      2 |      0 |      0 |      0 |   1 |    2.0 |
          Lair |   4932 |   4651 |    281 |      0 |   3670 |   5 |  986.4 |
         Swamp |      1 |      0 |      1 |      0 |      0 |   1 |    1.0 |
     Snake Pit |   5128 |   4786 |    342 |    354 |   2853 |   4 | 1282.0 |
    Slime Pits |   2238 |   2184 |     54 |    172 |   1169 |   5 |  447.6 |
  Orcish Mines |   1160 |   1104 |     56 |      7 |    705 |   2 |  580.0 |
       Ossuary |    506 |    506 |      0 |      0 |    298 |   1 |  506.0 |
      Ice Cave |    169 |    169 |      0 |     27 |      0 |   1 |  169.0 |
      Gauntlet |    560 |    560 |      0 |      0 |    311 |   1 |  560.0 |
               +--------+--------+--------+--------+--------+-----+--------+

Top non-repeatable levels by time:
 Snake:4: 1775 daAuts
 Snake:1: 1754 daAuts
  Lair:4: 1206 daAuts
  Lair:2: 1148 daAuts
     D:8: 1144 daAuts
    D:14: 1044 daAuts
  Lair:5: 1009 daAuts
 Snake:3: 967 daAuts
     D:7: 925 daAuts
     D:2: 921 daAuts
    D:10: 877 daAuts
  Lair:1: 871 daAuts
    D:15: 854 daAuts
     D:9: 805 daAuts
    D:13: 804 daAuts
